 Dungeon Crawl Stone Soup version 0.24-a0-489-g1c7b743a30 (webtiles) character file.

Game seed: 6123750986825943099

441 KristoblXynda the Ruffian (level 6, 0/53 HPs)
             Began as a Troll Wizard on July 11, 2019.
             Succumbed to a worker ant's poison
             ... on level 4 of the Dungeon.
             The game lasted 00:04:27 (2688 turns).

KristoblXynda the Ruffian (Troll Wizard)            Turns: 2688, Time: 00:04:27

Health: 0/53       AC:  6    Str: 18    XL:     6   Next: 71%
Magic:  5/8        EV:  9    Int: 16    God:
Gold:   239        SH:  0    Dex:  8    Spells: 5/9 levels left

rFire    + . .     SeeInvis .     - Unarmed
rCold    . . .     Gourm    +   (no shield)
rNeg     . . .     Faith    .   a - +0 robe
rPois    +         Spirit   .   b - +0 hat
rElec    .         Reflect  .   c - scarf {cloud immunity}
rCorr    .         Harm     .   (gloves unavailable)
MR       .....                  (boots unavailable)
Stlth    +.........             (no amulet)
HPRegen  0.57/turn              (no ring)
MPRegen  0.11/turn              (no ring)

@: lethally poisoned (0 -> -4), very slightly contaminated
A: large, unfitting armour, antennae 1, claws 3, fire resistance 1, fast
metabolism 3, gourmand, poison resistance, regeneration 1, shaggy fur 1, strong
1, tough skin 3
a: no special abilities


You were on level 4 of the Dungeon.
You were very full.

You visited 1 branch of the dungeon, and saw 4 of its levels.

You collected 239 gold pieces.

Inventory:

Armour
 a - a +0 robe (worn)
 b - a +0 hat (worn)
 c - a scarf of cloud immunity (worn)
Jewellery
 n - an uncursed ring of flight
Scrolls
 e - a scroll of fog
 g - a scroll of blinking
 i - a scroll of remove curse
Potions
 f - 2 potions of magic
 j - a potion of flight
 q - a potion of lignification {unknown}
 r - a potion of heal wounds {unknown}
Comestibles
 d - 9 rations


   Skills:
 - Level 1.5 Dodging
 - Level 1.0 Stealth
 + Level 4.7 Unarmed Combat
 - Level 2.0 Spellcasting
 + Level 3.7 Conjurations
   Level 0.6 Summonings
   Level 0.6 Translocations


You had 5 spell levels left.
You knew the following spells:

 Your Spells              Type           Power        Failure   Level  Hunger
a - Magic Dart            Conj           ##..         4%          1    #......
b - Mephitic Cloud        Conj/Pois/Air  #.......     36%         3    ###....

Your spell library contained the following spells:

 Spells                   Type           Power        Failure   Level  Hunger
 Blink                    Tloc           N/A          24%         2    ###....
 Call Imp                 Summ           #.......     24%         2    ###....
 Conjure Flame            Conj/Fire      #.......     28%         3    ###....
 Slow                     Hex            #.......     30%         2    ###....


Dungeon Overview and Level Annotations

Branches:
Dungeon (4/15)
 Temple: D:4-7

Altars:
Dithmenos
Hepliaklqana
Yredelemnul
The Shining One


Innate Abilities, Weirdness & Mutations

You are too large for most types of armour.
You have claws for hands.
Your metabolism is lightning-fast.
You like to eat raw meat.
Your natural rate of healing is unusually fast.
You are covered in fur. (AC +1)
You have extremely tough skin. (AC +3)
You have a pair of small antennae on your head.
Your flesh is heat resistant. (rF+)
Your system is resistant to poisons. (rPois)
Your muscles are strong. (Str +2)


Message History

* * * LOW HITPOINT WARNING * * *
You are lethally poisoned!
The worker ant poisons you!
Unknown command.
Casting: Mephitic Cloud (slightly dangerous; 36% risk of failure)
Confirm with . or Enter, or press ? or * to list all spells.
Aiming: Mephitic Cloud (slightly dangerous; 36% risk of failure)
Press: ? - help, Shift-Dir - straight line, f - worker ant
Aim: a worker ant (moderately wounded)
You miscast Mephitic Cloud.
You are very lightly contaminated with residual magic.
Your hair stands on end.
* * * LOW HITPOINT WARNING * * *
You feel sick. The worker ant barely misses you. The gnoll barely misses you.
The worker ant bites you.
* * * LOW HITPOINT WARNING * * *
It was a potion of mutation.
You feel extremely strange.
You feel resistant to heat.
You feel stronger. A pair of antennae grows on your head!
You feel resistant to poisons.
You die...

## #..).#.....# .+ +..).#.....#
.# #....##....# .# ##....##....#
## #.....##....## #
#...>........# # ##..gg.......# #
####a###.....# #
#...@..###+#####+#### #######
#....†..............# ......#
#...................# ......#
#...................#
......#######..................<#
...........................)))..#
...........................÷.)..#
'#####...<...#+##########.......#
.....#.......#..........#.......#


You could see a worker ant and 2 gnolls.

Vanquished Creatures
  A centaur (D:4)
  A scorpion (D:4)
  An orc wizard (D:3)
  A bullfrog skeleton (D:4)
  Terence (D:2)
  A worker ant (D:4)
  2 gnolls (D:4)
  8 adders
  3 oozes
  An adder skeleton (D:4)
  2 worms
  2 leopard geckos
  11 orcs
  7 bats
  2 giant cockroaches
  5 goblins
  6 hobgoblins
  11 jackals
  2 quokkas
  A ball python (D:2)
  6 frilled lizards
  A jackal skeleton (D:4)
  5 kobolds
  A leopard gecko skeleton (D:4)
  8 rats
90 creatures vanquished.

Notes
Turn   | Place    | Note
-------+----------+-------------------------------------------
     0 | D:1      | KristoblXynda the Troll Wizard began the quest for the Orb.
     0 | D:1      | Reached XP level 1. HP: 16/16 MP: 2/2
   105 | D:1      | Reached skill level 1 in Conjurations
   122 | D:1      | Reached skill level 1 in Unarmed Combat
   180 | D:1      | Reached XP level 2. HP: 24/24 MP: 4/4
   485 | D:2      | Found a shadowy altar of Dithmenos.
   712 | D:2      | Reached XP level 3. HP: 29/31 MP: 5/5
   724 | D:2      | Reached skill level 2 in Unarmed Combat
   903 | D:2      | Noticed Terence
   910 | D:2      | Killed Terence
   910 | D:2      | Reached XP level 4. HP: 30/39 MP: 6/6
  1408 | D:3      | Learned a level 3 spell: Mephitic Cloud
  1412 | D:3      | Found a basalt altar of Yredelemnul.
  1475 | D:3      | Found a glowing golden altar of the Shining One.
  1634 | D:3      | Reached skill level 3 in Unarmed Combat
  1698 | D:3      | Reached XP level 5. HP: 38/45 MP: 7/7
  1876 | D:3      | Found a hazy altar of Hepliaklqana.
  2232 | D:4      | Noticed a centaur
  2238 | D:4      | HP: 1/45 [centaur/arrow (8)]
  2254 | D:4      | Killed a centaur
  2254 | D:4      | Reached skill level 4 in Unarmed Combat
  2254 | D:4      | Reached XP level 6. HP: 9/53 MP: 4/8
  2687 | D:4      | HP: 1/53 [worker ant (3)]
  2688 | D:4      | Gained mutation: Your flesh is heat resistant. (rF+)
                  | [potion of mutation]
  2688 | D:4      | Gained mutation: Your muscles are strong. (Str +2) [potion
                  | of mutation]
  2688 | D:4      | Gained mutation: You have a pair of small antennae on your
                  | head. [potion of mutation]
  2688 | D:4      | Gained mutation: Your system is resistant to poisons.
                  | (rPois) [potion of mutation]
  2688 | D:4      | Succumbed to a worker ant's poison

Levels and vault maps discovered:
D:1:      shiori_shiawase, layout_basic
D:2:      layout_loops_corners, minmay_misc_feat_iff, grunt_dithmenos_smoke,
          uniq_terence
D:3:      layout_loops_cross, tso_altar, lemuel_doored_altar, marbit_many_paths,
          first_ration
D:4:      layout_gridville, minmay_temple_entry_mist, portal_sewer_entry_d,
          kennysheep_generic_room_13, uniq_pikel

Skill      XL: |  1  2  3  4  5 |
---------------+----------------+-----
Conjurations   | 1 2 3 |  3.7
Unarmed Combat | 1 2 3 4 |  4.7
Dodging        | |  1.5
Stealth        | |  1.0
Spellcasting   | |  2.0
Summonings     | |  0.6
Translocations | |  0.6

Action                   |  1- 3 |  4- 6 || total
-------------------------+-------+-------++-------
Melee: Unarmed           |    84 |   219 ||   303
       Punch             |       |     1 ||     1
 Cast: Mephitic Cloud    |       |     1 ||     1
  Use: Scroll            |       |     8 ||     8
       Potion            |       |     3 ||     3
 Stab: Sleeping          |     1 |     2 ||     3
       Confused          |       |     2 ||     2
  Eat: Chunk             |     5 |    21 ||    26
       Ration            |       |     1 ||     1
Armor: Robe              |    21 |   115 ||   136
Dodge: Dodged            |    38 |   119 ||   157

Table legend:
 A = Non-vault XP
 B = Vault XP
 C = Vault XP percentage of total XP
 D = Non-vault monster count
 E = Vault monster count
 F = Vault count percentage of total count
                 A         B        C        D         E       F
            +---------+---------+-------+---------+---------+-------
      Total |     592 |      39 |   6.2 |      88 |       2 |   2.2
            +---------+---------+-------+---------+---------+-------
        D:1 |      18 |       0 |   0.0 |      12 |       0 |   0.0
        D:2 |      64 |      36 |  36.0 |      20 |       1 |   4.8
        D:3 |     170 |       3 |   1.7 |      37 |       1 |   2.6
        D:4 |     340 |       0 |   0.0 |      19 |       0 |   0.0
            +---------+---------+-------+---------+---------+-------
